 Dungeon Crawl Stone Soup version 0.22.0 (webtiles) character file.

64 BigChef the Slasher (level 3, -7/29 HPs)
             Began as a Demonspawn Chaos Knight on Sept 3, 2018.
             Killed by divine providence
             ... invoked by an orc priest
              (10 damage)
             ... on level 3 of the Dungeon.
             The game lasted 00:02:18 (1567 turns).

BigChef the Slasher (Demonspawn Chaos Knight)       Turns: 1567, Time: 00:02:19

Health: -7/29      AC:  6    Str: 13    XL:     3   Next: 91%
Magic:  3/3        EV: 11    Int: 13    God:    Xom [....*.]
Gold:   172        SH:  0    Dex: 12    Spells: 2/2 levels left

rFire    . . .     SeeInvis .   a - +0 falchion (chaos)
rCold    . . .     Gourm    .   (no shield)
rNeg     . . .     Faith    .   i - +0 acid dragon scales
rPois    .         Spirit   .   (no helmet)
rElec    .         Reflect  .   (no cloak)
rCorr    +         Harm     .   (no gloves)
MR       .....                  (no boots)
Stlth    +++.......             (no amulet)
HPRegen  0.09/turn              f - ring of stealth
MPRegen  0.08/turn              (no ring)

@: no status effects
A: nightstalker 1
a: Renounce Religion


You were on level 3 of the Dungeon.
You worshipped Xom.
You were a beloved toy of Xom.
You were very hungry.

You visited 1 branch of the dungeon, and saw 3 of its levels.

You collected 172 gold pieces.

Inventory:

Hand Weapons
 a - a +0 falchion of chaos (weapon)
Armour
 b - a +2 leather armour
 i - +0 acid dragon scales (worn)
Jewellery
 f - a ring of stealth (left hand)
Wands
 n - a wand of digging (10)
Scrolls
 d - 5 scrolls of identify {unknown}
 e - 2 scrolls of teleportation {unknown}
 g - 2 scrolls of enchant weapon {unknown}
 k - 2 scrolls of remove curse {unknown}
Potions
 h - a potion of flight {unknown}
 j - a potion of heal wounds {unknown}
 l - a potion of agility {unknown}
 m - a potion of lignification {unknown}
Comestibles
 c - 5 rations


   Skills:
 + Level 3.4 Fighting
 + Level 3.5 Long Blades
 + Level 2.1 Armour
 + Level 1.3 Dodging
 + Level 0.9 Stealth


You had 2 spell levels left.
You didn't know any spells.
Your spell library was empty.

Dungeon Overview and Level Annotations

Branches:
Dungeon (3/15)

Altars:


Innate Abilities, Weirdness & Mutations

You are slightly more attuned to the shadows.


Message History

You are too injured to fight recklessly!
You are too injured to fight recklessly!
You are too injured to fight recklessly!
You are too injured to fight recklessly!
You are too injured to fight recklessly!
You are too injured to fight recklessly!
You are too injured to fight recklessly!
You are too injured to fight recklessly!
You are too injured to fight recklessly!
You are too injured to fight recklessly!
You are too injured to fight recklessly!
You are too injured to fight recklessly!
A kobold comes into view.
The orc priest mumbles some strange prayers to Beogh against you.
Pain shoots through your body!
* * * LOW HITPOINT WARNING * * *
The orc priest mumbles some strange prayers to Beogh against you.
Beogh smites you!
You die...
Xom thinks this is hilarious!

###########
#.(.<......
#.#########
#.# #.# #.#
#@#
#.#.....#
#.#......
#o#......
#o#......
#.#.<...#
#.#.....#
#..)....#
#).#.....


You could see an orc priest and an orc.

Vanquished Creatures
  An adder (D:3)
  A worm (D:2)
  A dart slug (D:2)
  A leopard gecko (D:1)
  2 orcs (D:3)
  7 goblins
  4 hobgoblins
  4 jackals
  A quokka (D:2)
  6 bats
  3 frilled lizards (D:2)
  5 kobolds
  4 rats (D:1)
40 creatures vanquished.

Vanquished Creatures (collateral kills)
  A kobold (D:1)
1 creature vanquished.

Vanquished Creatures (others)
  A dart slug (D:2)
1 creature vanquished.

Grand Total: 42 creatures vanquished

Notes
Turn   | Place    | Note
-------+----------+-------------------------------------------
     0 | D:1      | BigChef the Demonspawn Chaos Knight began the quest for the Orb.
     0 | D:1      | Reached XP level 1. HP: 18/18 MP: 1/1
   191 | D:1      | XOM: divination: magic mapping
   222 | D:1      | XOM: harmless Erth miscast
   338 | D:1      | Gained mutation: You are slightly more attuned to the shadows. [demonic ancestry]
   338 | D:1      | Reached XP level 2. HP: 24/24 MP: 2/2
   659 | D:2      | XOM: noise
   668 | D:2      | Reached skill level 1 in Dodging
   711 | D:2      | Reached XP level 3. HP: 28/29 MP: 3/3
   787 | D:2      | XOM: cloud trail
   955 | D:2      | XOM: smoke on damage
   955 | D:2      | XOM: torment (16/29 hp)
  1142 | D:2      | XOM: butterfly on damage
  1327 | D:2      | XOM: god gift: wand of digging (10)
  1567 | D:3      | Killed from afar by an orc priest

Skill      XL: |  1  2  3 |
---------------+----------+-----
Long Blades    | 3 |  3.5
Dodging        | 1 |  1.3
Armour         | 2 |  2.1
Fighting       | |  3.4
Stealth        | |  0.9

Action                   || total
-------------------------++-------
Melee: Falchion          ||   131
 Stab: Sleeping          ||     5
       Distracted        ||     2
  Eat: Chunk             ||     1
Armor: Leather armour    ||    19
       Acid dragon scale ||    61
Dodge: Dodged            ||    92
       Rpst.: Falchion   ||    19
